 Dungeon Crawl Stone Soup version 0.21.1-1-g345015f (webtiles) character file.

510 Mgcat the Chopper (level 6, 0/60 HPs)
             Began as a Minotaur Berserker on Mar 11, 2018.
             Was a Believer of Trog.
             Slain by an orc wizard
             ... wielding a +0 dagger
              (2 damage)
             ... on level 4 of the Dungeon.
             The game lasted 00:04:29 (2213 turns).

Mgcat the Chopper (Minotaur Berserker)              Turns: 2213, Time: 00:04:30

Health: 0/60       AC:  3    Str: 23    XL:     6   Next: 98%
Magic:  5/5        EV: 12    Int:  4    God:    Trog [**....]
Gold:   132        SH:  0    Dex: 10    Spells: 5/5 levels left

rFire    + . .     SeeInvis .   p - +0 war axe
rCold    . . .     Gourm    .   (no shield)
rNeg     . . .     Faith    .   d - +0 leather armour (curse)
rPois    .         Spirit   .   (helmet restricted)
rElec    .         Reflect  .   (no cloak)
rCorr    .         Harm     .   (no gloves)
MR       .....                  (no boots)
Stlth    +.........             (no amulet)
HPRegen  0.20/turn              h - ring of flight {+Fly, !d}
MPRegen  0.09/turn              g - ring of protection from fire {rF+, !d}

@: no status effects
A: retaliatory headbutt, horns 2
a: Berserk, Trog's Hand, Burn Spellbooks, Renounce Religion, Evoke Flight


You were on level 4 of the Dungeon.
You worshipped Trog.
Trog was pleased with you.
You were not hungry.

You visited 1 branch of the dungeon, and saw 4 of its levels.

You collected 132 gold pieces.

Inventory:

Hand Weapons
 p - a +0 war axe (weapon)
   (You took it off an orc priest on level 4 of the Dungeon)
Armour
 b - a +0 animal skin
 d - a cursed +0 leather armour (worn)
   (You found it on level 2 of the Dungeon)
 k - a +0 scale mail
   (You found it on level 2 of the Dungeon)
Jewellery
 g - a ring of protection from fire (right hand) {rF+, !d}
   (You found it on level 3 of the Dungeon)
 h - a ring of flight (left hand) {+Fly, !d}
   (You found it on level 2 of the Dungeon)
Scrolls
 i - a scroll of identify
 m - a scroll of remove curse {unknown}
Potions
 e - a potion of magic {unknown}
 f - a potion of cancellation {unknown}
 l - a potion of flight {unknown}
 n - a potion of heal wounds {unknown}
 o - 2 potions of might
Comestibles
 a - 10 chunks of flesh {@w0}
 c - 7 rations


   Skills:
 + Level 7.2 Fighting
 + Level 7.2 Axes
 - Level 2.4 Armour
 - Level 2.1 Dodging


You had 5 spell levels left.
You didn't know any spells.

Dungeon Overview and Level Annotations

Branches:
Dungeon (4/15)
 Temple: D:4-7

Altars:
Elyvilon
Kikubaaqudgha


Innate Abilities, Weirdness & Mutations

You reflexively headbutt those who attack you in melee.
You have a pair of horns on your head.


Message History

The hound is moderately wounded.
You slash the orc!
You kill the orc!
Trog accepts your kill. The hound bites you.
The hound bites you but does no damage.
You hit the hound but do no damage.
The hound is moderately wounded.
The hound closely misses you. The hound barely misses you.
You slice the hound!!
You kill the hound!
Trog accepts your kill.
No target in view!
No target in view!
Things that are here:
a hunting sling; an orc corpse You butcher the orc corpse.
a - 4 chunks of flesh {@w0} You see here a hunting sling. x2
You butcher the hound corpse.
a - 7 chunks of flesh {@w0} (gained 3)
You see here a hound skeleton. x2
An orc and an orc wizard come into view.
You closely miss the orc. The orc barely misses you.
You slash the orc!
You kill the orc!
Trog accepts your kill.
The orc wizard gestures at you while chanting.
The magic dart hits you!
The orc wizard hits you but does no damage.
Things that are here:
a mace; 16 gold pieces; an orc corpse You slash the orc wizard!
Your headbutt misses the orc wizard.
The orc wizard is severely wounded.
The orc wizard hits you but does no damage.
You closely miss the orc wizard.
The orc wizard is severely wounded.
The orc wizard hits you with a dagger.
The orc wizard hits you but does no damage.
You hit the orc wizard but do no damage.
The orc wizard is severely wounded.
The orc wizard gestures at you while chanting.
The magic dart hits you!
You are too injured to fight recklessly!
You are too injured to fight recklessly!
You are too injured to fight recklessly!
You slash the orc wizard!
You kill the orc wizard!
Trog accepts your kill.
Trog appreciates your killing of a magic user.
You now have 132 gold pieces (gained 16).
You butcher the orc corpse.
a - 10 chunks of flesh {@w0} (gained 3)
Things that are here:
a mace; an orc skeleton
Things that are here:
a mace; an orc skeleton An orc and an orc priest come into view.
The orc shouts!
The orc moves out of view.
The orc priest moves out of view.
Things that are here:
a dagger; a robe The orc is too close now for your liking.
There are monsters nearby!
An orc priest and an orc wizard come into view.
The orc priest shouts!
The orc wizard shouts!
The orc hits you with a hand axe.
The orc priest mumbles some strange prayers to Beogh against you.
Beogh smites you!
You are too injured to fight recklessly!
You closely miss the orc. Your headbutt misses the orc.
You closely miss the orc priest. Your headbutt misses the orc priest.
You closely miss the orc wizard. You barely miss the orc.
The orc priest hits you but does no damage.
The orc closely misses you. The orc wizard casts a spell at you.
The magic dart hits you!
You hit the orc priest.
The orc priest is moderately wounded.
You completely miss the orc wizard. You slash the orc!
You kill the orc!
Trog accepts your kill. The orc priest hits you with a mace.
The orc wizard closely misses you.
The orc priest looks satisfied for a moment.
An adder comes into view.
The adder hisses angrily.
You hit the orc priest.
The orc priest is heavily wounded.
You hit the orc wizard. The orc wizard hits you with a dagger.
The orc priest invokes the aid of Beogh against you.
Pain shoots through your body!
* * * LOW HITPOINT WARNING * * *
The orc wizard hits you with a dagger.
* * * LOW HITPOINT WARNING * * *
The orc priest looks satisfied for a moment.
The orc priest calls down the wrath of Beogh upon you.
Beogh smites you!
* * * LOW HITPOINT WARNING * * *
As you read the scroll of fog, it crumbles to dust.
The scroll dissolves into smoke.
The orc wizard hits you with a dagger.
You die...

.# ##..# .# #... .#
#.%# .## #..#
..####### ##..#
........## #...#
.........######..§#
..............)§§§#
##......########@§#
##...### #oo# #####
...# ...## o...#
.....# .......
..####..


You could see 2 orc priests and an orc wizard.

Vanquished Creatures
  The ghost of aMcNicky the Magician, an amateur DEFE (D:3)
  A phantom (D:2)
  A hound (D:4)
  2 orc priests (D:4)
  2 orc wizards (D:4)
  Natasha (D:3)
  A hound skeleton (D:4)
  2 adders
  An adder skeleton (D:4)
  A worm (D:2)
  2 dart slugs
  6 orcs (D:4)
  2 giant cockroaches
  8 goblins
  8 hobgoblins
  4 jackals (D:3)
  4 kobolds
  A ball python (D:1)
  3 bats
  8 rats
59 creatures vanquished.

Vanquished Creatures (others)
  A quokka (D:3)
1 creature vanquished.

Grand Total: 60 creatures vanquished

Notes
Turn   | Place    | Note
-------+----------+-------------------------------------------
     0 | D:1      | Mgcat the Minotaur Berserker began the quest for the Orb.
     0 | D:1      | Reached XP level 1. HP: 19/19 MP: 0/0
    97 | D:1      | Reached skill level 4 in Fighting
    97 | D:1      | Reached skill level 4 in Axes
    99 | D:1      | Reached XP level 2. HP: 25/27 MP: 1/1
   681 | D:2      | Reached XP level 3. HP: 34/34 MP: 2/2
   686 | D:2      | Noticed a phantom
   705 | D:2      | Killed a phantom
   705 | D:2      | Reached skill level 5 in Fighting
   705 | D:2      | Reached skill level 5 in Axes
   705 | D:2      | Reached XP level 4. HP: 26/42 MP: 3/3
  1151 | D:3      | Noticed aMcNicky's ghost (amateur DEFE)
  1156 | D:3      | Killed aMcNicky's ghost
  1156 | D:3      | Reached ** piety under Trog
  1156 | D:3      | Reached skill level 6 in Fighting
  1156 | D:3      | Reached skill level 6 in Axes
  1156 | D:3      | Reached XP level 5. HP: 51/51 MP: 4/4
  1156 | D:3      | Reached XP level 6. HP: 58/58 MP: 5/5
  1165 | D:3      | Found a white marble altar of Elyvilon.
  1561 | D:3      | Noticed Natasha
  1573 | D:3      | Killed Natasha
  1698 | D:3      | Found an ancient bone altar of Kikubaaqudgha.
  2065 | D:4      | Reached skill level 7 in Fighting
  2065 | D:4      | Reached skill level 7 in Axes
  2212 | D:4      | HP: 14/60 [orc priest/nerve-wracking pain (8)]
  2212 | D:4      | HP: 2/60 [orc priest/divine providence (10)]
  2213 | D:4      | Slain by an orc wizard

Skill      XL: |  1  2  3  4  5  6 |
---------------+-------------------+-----
Fighting       | 4 5 6 7 |  7.2
Axes           | 4 5 6 7 |  7.2
Armour         | |  2.4
Dodging        | |  2.1

Action                   |  1- 3 |  4- 6 || total
-------------------------+-------+-------++-------
Melee: Hand axe          |    48 |    72 ||   120
       Headbutt          |     7 |    21 ||    28
       War axe           |       |    27 ||    27
Invok: Berserk           |       |     1 ||     1
  Use: Scroll            |       |     5 ||     5
  Eat: Chunk             |       |     5 ||     5
Armor: Animal skin       |     7 |       ||     7
       Leather armour    |     2 |    15 ||    17
Dodge: Dodged            |    29 |    45 ||    74

Vault maps used:
D:1:      ncdulo_halloftheorcs, serial_glass, glass_columns_c, glass_columns_b
D:2:      grunt_ministairs_12
D:3:      elyvilon_altar_4, nicolae_overflow_hidden_temple, uniq_natasha
D:4:      lightli_temple_of_fire, first_ration

Table legend:
 A = Turns spent in this place as a percentage of turns spent in the entire game.
 B = Non-inter-level travel turns spent in this place as a percentage of non-inter-level travel turns spent in the entire game.
 C = Inter-level travel turns spent in this place as a percentage of turns spent in this place.
 D = Turns resting spent in this place as a percentage of non-inter-level travel turns spent in this place.
 E = Turns spent auto-exploring this place as a percentage of non-inter-level travel turns spent in this place.
 F = Non-inter-level travel turns spent in this place divided by the number of levels of this place that you've seen.
                   A       B       C       D       E      F
               +-------+-------+-------+-------+-------+----------------------
         Total | 100.0 | 100.0 |   3.6 |   2.0 |  81.0 | 533.2
       Dungeon | 100.0 | 100.0 |   3.6 |   2.0 |  81.0 | 533.2
               +-------+-------+-------+-------+-------+----------------------

Table legend:
 A = Kills in this place as a percentage of kills in entire the game.
 B = Kills by you in this place as a percentage of kills by you in the entire game.
 C = Kills by friends in this place as a percentage of kills by friends in the entire game.
 D = Other kills in this place as a percentage of other kills in the entire game.
 E = Experience gained in this place as a percentage of experience gained in the entire game.
 F = Experience gained in this place divided by the number of levels of this place that you have seen.
                   A       B       C       D       E      F
               +-------+-------+-------+-------+-------+----------------------
         Total | 100.0 | 100.0 |   N/A |   N/A | 100.0 | 182.2
       Dungeon | 100.0 | 100.0 |   N/A |   N/A | 100.0 | 182.2
               +-------+-------+-------+-------+-------+----------------------
